 Dungeon Crawl Stone Soup version 0.21.1-1-g345015fe64 (webtiles) character file.

65 Mrkan the Chopper (level 4, -1/41 HPs)
             Began as a Hill Orc Monk on May 6, 2018.
             Slain by a goblin
             ... wielding a +0 dagger
             ... led by Robin
              (2 damage)
             ... on level 2 of the Dungeon.
             The game lasted 00:02:31 (1720 turns).

Mrkan the Chopper (Hill Orc Monk)                   Turns: 1720, Time: 00:02:31

Health: -1/41      AC:  6    Str: 14    XL:     4   Next: 13%
Magic:  4/4        EV: 11    Int: 10    God:
Gold:   57         SH:  0    Dex: 13    Spells: 3/3 levels left

rFire    . . .     SeeInvis .   a - +0 hand axe
rCold    . . .     Gourm    .   (no shield)
rNeg     . . .     Faith    .   f - +0 ring mail
rPois    .         Spirit   .   (no helmet)
rElec    .         Reflect  .   (no cloak)
rCorr    .         Harm     .   (no gloves)
MR       .....                  i - +0 pair of boots
Stlth    +.........             (no amulet)
HPRegen  0.13/turn              (no ring)
MPRegen  0.09/turn              (no ring)

@: no status effects
A: no striking features
a: no special abilities


You were on level 2 of the Dungeon.
You were hungry.

You visited 1 branch of the dungeon, and saw 2 of its levels.

You collected 57 gold pieces.

Inventory:

Hand Weapons
 a - a +0 hand axe (weapon)
Armour
 b - a +0 robe
 f - a +0 ring mail (worn)
 i - a +0 pair of boots (worn)
Scrolls
 d - a scroll of remove curse {unknown}
 j - a scroll of enchant weapon {unknown}
 l - a scroll of amnesia {unknown}
 n - a scroll of identify {unknown}
 o - a scroll of enchant armour {unknown}
Potions
 e - a potion of lignification {unknown}
 g - a potion of might {unknown}
 h - 3 potions of curing {unknown}
 k - a potion of haste {unknown}
 m - a potion of flight {unknown}
Comestibles
 c - 4 rations


   Skills:
 + Level 4.5 Fighting
 + Level 4.9 Axes
 + Level 2.1 Armour
 - Level 2.4 Dodging
 - Level 1.5 Stealth


You had 3 spell levels left.
You didn't know any spells.

Dungeon Overview and Level Annotations

Branches:
Dungeon (2/15)

Altars:
Nemelex Xobeh


Message History

You barely miss the goblin. The goblin hits you.
The goblin hits you from afar with a spear.
* * * LOW HITPOINT WARNING * * *
The goblin moves out of view.
You closely miss the goblin.
The goblin is moderately wounded.
You hit the goblin.
You kill the goblin!
The goblin hits you.
* * * LOW HITPOINT WARNING * * *
The goblin hits you but does no damage.
You slash the goblin!
You kill the goblin!
You hit the goblin.
The goblin hits you from afar with a spear.
* * * LOW HITPOINT WARNING * * *
The goblin closely misses you.
You miss the goblin. You closely miss the goblin.
The goblin hits you but does no damage. The goblin hits you with a dagger.
You die...

#.# #.# #.# #####.## #.#
#......#
##.#######......#
.........+......#
........##......#
.........##+##'##
#........##.##g########.#
...........)gggg@gg...>.#
#.........#.##########..#
#.......#.#........ #
#.#.....#......######
..#######............ .##
#....†.......
.#........#...g.g....
.#........#g..gg.g...
.#........#..........


You could see a hobgoblin and 6 goblins.

Vanquished Creatures
  Robin (D:2)
  A gnoll (D:1)
  An adder (D:2)
  An ooze (D:1)
  A dart slug (D:1)
  A leopard gecko (D:2)
  7 goblins
  4 hobgoblins
  A ball python (D:1)
  4 bats (D:1)
  3 frilled lizards
  3 kobolds
  3 rats (D:1)
31 creatures vanquished.

Notes
Turn   | Place    | Note
-------+----------+-------------------------------------------
     0 | D:1      | Mrkan the Hill Orc Monk began the quest for the Orb.
     0 | D:1      | Reached XP level 1. HP: 19/19 MP: 1/1
    98 | D:1      | HP: 1/20 [ooze (4)]
    99 | D:1      | Reached XP level 2. HP: 2/27 MP: 2/2
   519 | D:1      | Reached skill level 1 in Armour
   630 | D:1      | Reached XP level 3. HP: 24/33 MP: 3/3
   928 | D:1      | Found a sparkling altar of Nemelex Xobeh.
  1682 | D:2      | Noticed Robin
  1717 | D:2      | Killed Robin
  1717 | D:2      | Reached XP level 4. HP: 15/41 MP: 4/4
  1719 | D:2      | HP: 1/41 [goblin/spear[Robin] (4)]
  1720 | D:2      | Slain by a goblin

Skill      XL: |  1  2  3 |
---------------+----------+-----
Armour         | 1 2 |  2.1
Fighting       | 4 |  4.5
Axes           | |  4.9
Dodging        | |  2.4
Stealth        | |  1.5

Action                   |  1- 3 |  4- 6 || total
-------------------------+-------+-------++-------
Melee: Hand axe          |   101 |     3 ||   104
  Eat: Chunk             |     2 |       ||     2
Armor: Robe              |    11 |       ||    11
       Ring mail         |    16 |     1 ||    17
Dodge: Dodged            |    81 |     1 ||    82
